Zazza, neutral female human Tourist ------ |...<-############ |....| #### -.-+-- #### -- -- #### # ------|------##############i:...| # ##.`.........`|# ...| ### |.....`.....|# .| ------|------ +...-----...|# | |............ |...|.{.|....### |.[.........| |..`|{.{|`..|# |...........| |...|.{.|...| |...........| |...--.--...| |...........| ......`.....| |.......>.... |`.........`| ------------- ------------- Zazza the Rambler Experience level: 1 Strength: 10 Dexterity: 8 Constitution: 16 Intelligence: 17 Wisdom: 8 Charisma: 18 Health: 0(13) Energy: 2(2) Def: 0 Gold: 440 Moves: 2241 Dungeon seed: nUwNPclK4dryzV9C Game ID: Zazza_1601415294 Your Inventory: Coins $ - 440 gold pieces Weapons a - 34 +2 darts m - a poisoned +0 dart w - a +1 axe C - 2 +0 darts (in quiver) J - a +0 dagger (weapon in hand) Armor e - an uncursed +0 Hawaiian shirt (being worn) Comestibles b - 4 uncursed food rations d - 4 uncursed eggs g - 2 uncursed tripe rations D - 2 uncursed slime molds Scrolls i - an uncursed scroll of magic mapping j - a blessed scroll of magic mapping q - an uncursed scroll of enchant weapon G - an uncursed scroll of identify Spellbooks s - a blessed spellbook of light x - an uncursed spellbook of haste self F - an uncursed spellbook of force bolt Potions h - an uncursed potion of extra healing t - an uncursed potion of invisibility v - an uncursed potion of water E - an uncursed potion of hallucination I - a blessed potion of gain level Rings y - an uncursed ring of invisibility (on left hand) Wands u - a wand of opening (0:7) Tools k - an expensive camera (0:95) l - an uncursed credit card Gems n - an uncursed worthless piece of black glass r - an uncursed worthless piece of green glass z - an uncursed worthless piece of yellowish brown glass Spells and supernatural/magical abilities: Name Level Category Fail Memory l - light 1 divination 0% 93% H - haste self 3 escape 100% 93% W - pray for help -- divine ? -- Your skills at the end: Fighting Skills Weapon Skills dart [Basic] Spellcasting Skills Final Attributes: You were nominally aligned. You were invisible. You are dead. Vanquished creatures: a floating eye a homunculus 2 large kobolds 7 giant rats a yellow mold 9 jackals a fox a sewer rat 6 grid bugs 3 lichens 5 newts 37 creatures vanquished. Voluntary challenges: You used a wielded weapon 3 times, starting on turn 2231. You read items or engraved 14 times, starting on turn 570. You never genocided any monsters. You never polymorphed an object. You never changed form. You used no wishes. You never split a pudding. You wrote Elbereth's name 1 time, starting on turn 1823. You never violated your personal moral code. Dungeon overview: The Dungeons of Doom: levels 1 to 6 Level 1 a long staircase Level 2 a potion shop, some fountains stairs to The Gnomish Mines Level 3 an altar to The Lady Level 4 an altar to Blind Io, a fountain Level 5 Level 6 <- You were here many fountains The Gnomish Mines: Level 3 stairs to The Dungeons of Doom History has recorded: On T:1 you entered the Dungeons of Doom to retrieve the Amulet of Yendor! On T:496 you reached level 2 of The Dungeons of Doom. On T:746 you reached level 1 of The Gnomish Mines. On T:774 you reached level 3 of The Dungeons of Doom. On T:990 you reached level 4 of The Dungeons of Doom. On T:1649 you reached level 5 of The Dungeons of Doom. On T:1930 you reached level 6 of The Dungeons of Doom. Score breakdown: Gold: 285 ( 8355 points) Experience: 1 level ( 0 points) Exploration: 6 levels ( 12.00%) ( 9583 points) Discoveries: 3 items ( 1.01%) ( 3010 points) Valuables value: (no points given unless you survive) Artifact value: 0 ( 0 points) Variety of kills: 11 monsters ( 2.89%) ( 5097 points) Turncount: 2241 turns ( -169 points) Survival: died (score multiplied by 80%) Total score: 20700 Latest messages: You hit the homunculus. The homunculus drinks a potion of extra healing! The homunculus looks much better. You miss the homunculus. The homunculus bites! You miss the homunculus. The homunculus bites! You miss the homunculus. The homunculus bites! You miss the homunculus. The homunculus bites! You miss the homunculus. The homunculus bites! You hit the homunculus. The homunculus bites! You miss the homunculus. The homunculus bites! You miss the homunculus. The homunculus bites! You miss the homunculus. The homunculus bites! You hit the homunculus. The homunculus bites! You die... Final status: Aloha Zazza the Tourist, killed by a homunculus... You died in The Dungeons of Doom on dungeon level 6 with 20700 points, and 440 pieces of gold, after 2241 moves. You were level 1 with a maximum of 13 hit points when you died.